 Dungeon Crawl Stone Soup version 0.31-a0-549-gf98fd537a9 (webtiles) character file.

Game seed: 17998368172831529576

8 Morbidden the Sneak (level 2, 22/22 HPs)
             Began as a Demonspawn Brigand on Aug 16, 2023.
             Quit the game on level 1 of the Dungeon.
             The game lasted 00:00:19 (164 turns).

Morbidden the Sneak (Demonspawn Brigand)             Turns: 164, Time: 00:00:20

Health: 22/22      AC:  3    Str: 11    XL:     2   Next: 0%
Magic:  2/2        EV: 11    Int: 12    God:
Gold:   8          SH:  0    Dex: 14    Spells: 1/1 levels left

rFire   . . .        a - +2 dagger
rCold   . . .        (no shield)
rNeg    . . .        b - +0 robe
rPois   .            (helmet restricted)
rElec   .            c - +0 cloak
rCorr   .            (no gloves)
SInv    .            (no boots)
Will    .....        (no amulet)
Stlth   ++           (no ring)
HPRegen 0.23/turn    (no ring)
MPRegen 0.08/turn

%: no passive effects
@: no status effects
A: antennae 1
a: no special abilities


You were on level 1 of the Dungeon.
You visited 1 branch of the dungeon, and saw 1 of its levels.

You collected 8 gold pieces.

Inventory:

Hand Weapons
 a - a +2 dagger (weapon)
Missiles
 d - 9 poisoned darts (quivered)
 e - 3 curare-tipped darts
Armour
 b - a +0 robe (worn)
 c - a +0 cloak (worn)
Scrolls
 f - a scroll of identify {unknown}
 g - a scroll of teleportation {unknown}


   Skills:
 + Level 2.0 Fighting
 + Level 2.0 Short Blades
 + Level 1.8 Throwing
 + Level 0.9 Dodging
 + Level 3.9 Stealth


You had one spell level left.
You didn't know any spells.
Your spell library was empty.

Dungeon Overview and Level Annotations

Branches:
Dungeon (1/15)

Altars:


Innate Abilities, Weirdness & Mutations

You have a pair of small antennae on your head.


Message History

Unknown command.
The bat barely misses you.
You hit the bat.
The bat is moderately wounded.
The bat hits you but does no damage.
There are monsters nearby!
Unknown command.
A bat comes into view.
The bat hits you but does no damage.
You hit the bat.
The bat is heavily wounded.
The bat barely misses you.
Unknown command.
Unknown command.
Unknown command.
The bat hits you but does no damage.
Unknown command.
There are monsters nearby!
A kobold and a hobgoblin come into view.
The kobold is wielding a +1 whip of freezing.
Found a scroll labelled NOENUS JOFFE.
The hobgoblin shouts!
The bat barely misses you.
Unknown command.
There are monsters nearby!
You closely miss the bat.
The bat is heavily wounded.
The bat barely misses you. The bat hits you but does no damage.
A goblin comes into view. It is wielding a +0 dagger.
The bat hits you but does no damage.
You barely miss the bat.
The bat is moderately wounded.
The kobold shouts!
The bat barely misses you. The hobgoblin closely misses you.
Unknown command.
Unknown command.
Unknown command.
Unknown command.
Unknown command.
Are you sure you want to abandon this character and quit the game? (Confirm with "yes".)

.#⌠# ####. ...# #..... 8..
#J..K.. ##### 8. .......
.....# .##.....?. ...
....#.###g#....... .)..#
..........g....# .....
.........K@...# #..#.##...
.........##..b##.$....#....
....###..##....#...#.......
... #..##.......#.......# b
#..................#. #
#####.............#####..
##.###..................#.....
............###..........#....
..........####...........#....


You could see an endoplasm, a hobgoblin, a goblin, a bat and 2 kobolds.

Vanquished Creatures
  3 bats (D:1)
  An endoplasm (D:1)
  A hobgoblin (D:1)
  3 kobolds (D:1)
8 creatures vanquished.

Notes
Turn   | Place    | Note
-------+----------+-------------------------------------------
     0 | D:1      | Morbidden the Demonspawn Brigand began the quest for the
                  | Orb.
     0 | D:1      | Reached XP level 1. HP: 16/16 MP: 1/1
   111 | D:1      | Discovered your monstrous ancestry.
   111 | D:1      | Gained mutation: You have a pair of small antennae on your
                  | head. [demonic ancestry]
   111 | D:1      | Reached XP level 2. HP: 16/22 MP: 2/2
   164 | D:1      | Quit the game

Illustrated notes

Levels and vault maps discovered:
D:1:      scummos_arrival_star, layout_rooms, shapermc_ecumenical_altar_venn

Skill      XL: |  1 |
---------------+----+-----
Short Blades   | 2 |  2.0
Fighting       | |  2.0
Throwing       | |  1.8
Dodging        | |  0.9
Stealth        | |  3.9

Action                     || total
---------------------------++-------
  Melee: Dagger            ||    34
   Stab: Sleeping          ||     1
 Armour: Robe              ||    14
  Dodge: Dodged            ||    23

Table legend: (Time is in decaauts)
 A = Elapsed time spent in this place.
 B = Non-inter-level travel time spent in this place.
 C = Inter-level travel time spent in this place.
 D = Time resting spent in this place.
 E = Time spent auto-exploring this place.
 F = Levels seen in this place.
 G = Mean time per level.
                   A        B        C        D        E       F      G
               +--------+--------+--------+--------+--------+-----+--------+
         Total |    161 |    161 |      0 |      0 |     90 |   1 |  161.0 |
       Dungeon |    161 |    161 |      0 |      0 |     90 |   1 |  161.0 |
               +--------+--------+--------+--------+--------+-----+--------+

Top non-repeatable levels by time:
     D:1: 161 daAuts
